 Dungeon Crawl Stone Soup version 0.23-a0-151-gf6d1ed2 (webtiles) character file.

242 topirishpotato the Shield-Bearer (level 6, -4/38 HPs)
             Began as a Gargoyle Fighter on Sept 9, 2018.
             Killed by divine providence
             ... invoked by an orc priest
              (8 damage)
             ... on level 3 of the Dungeon.
             The game lasted 00:05:03 (2597 turns).

topirishpotato the Shield-Bearer (Gargoyle Fighter) Turns: 2597, Time: 00:05:04

Health: -4/38      AC: 11    Str: 21    XL:     6   Next: 9%
Magic:  6/6        EV:  7    Int:  9    God:
Gold:   210        SH:  9    Dex:  9    Spells: 5/5 levels left

rFire    . . .     SeeInvis .   a - +2 flail
rCold    . . .     Gourm    .   c - +0 shield
rNeg     + . .     Faith    .   b - +0 scale mail
rPois    ∞         Spirit   .   (no helmet)
rElec    +         Reflect  .   (no cloak)
rCorr    .         Harm     .   (no gloves)
MR       .....                  (no boots)
Stlth    ..........             (no amulet)
HPRegen  0.12/turn              (no ring)
MPRegen  0.10/turn              (no ring)

@: no status effects
A: negative energy resistance 1, electricity resistance, unbreathing,
petrification resistance, rot immunity, AC +4
a: no special abilities


You were on level 3 of the Dungeon.
You were very hungry.

You visited 1 branch of the dungeon, and saw 3 of its levels.

You collected 210 gold pieces.

Inventory:

Hand Weapons
 a - a +2 flail (weapon)
Armour
 b - a +0 scale mail (worn)
 c - a +0 shield (worn)
Wands
 j - a wand of random effects (34)
 n - a wand of paralysis (15)
Scrolls
 d - a scroll of magic mapping {unknown}
 e - 2 scrolls of identify
 k - 2 scrolls of remove curse
Potions
 g - 2 potions of haste
 h - a potion of mutation {unknown}
 i - a potion of heal wounds {unknown}
 l - 2 potions of curing {unknown}
 m - a potion of invisibility {unknown}
 o - a potion of brilliance {unknown}
Comestibles
 f - 2 rations


   Skills:
 + Level 4.0 Fighting
 + Level 4.3 Maces & Flails
 + Level 4.3 Armour
 + Level 4.5 Shields


You had 5 spell levels left.
You didn't know any spells.
Your spell library was empty.

Dungeon Overview and Level Annotations

Branches:
Dungeon (3/15)

Altars:
Nemelex Xobeh


Innate Abilities, Weirdness & Mutations

You are resistant to torment.
Your stone body is resilient. (AC +4)
You are immune to poison.
You resist negative energy. (rN+)
You are resistant to electric shocks. (rElec)
You can survive without breathing.
You are immune to petrification.
You are immune to rotting.


Message History

Beogh smites you!
You hit the orc priest.
The orc priest is lightly wounded.
You block the orc priest's attack.
The orc priest hits you but does no damage.
You thump the orc priest!
The orc priest is severely wounded.
The orc priest hits you.
The orc priest begins to cast a cantrip, but forgets the words!
The orc priest invokes the aid of Beogh against you.
Beogh smites you!
* * * LOW HITPOINT WARNING * * *
The orc priest hits you with a trident.
* * * LOW HITPOINT WARNING * * *
You hit the orc priest.
The orc priest is severely wounded.
You block the orc priest's attack.
The orc priest calls down the wrath of Beogh upon you.
Beogh smites you!
You die...

..# #.#...........# ##.## ..#
#.#.####...##.# #..# ..# #.#.#
#†..##.# ##.# ..# #.#.# #...##.#
#.. .##########.#.#########.# ##^
............#......# #.# #.
##################.# #.# #.
...............)o#.####.########.
################@#...............
#o#....#.########.
#########.#.#.............
....................#####.
....................## #.
.....................####.
....oo...........)....(...
....o.............÷..#####
................)....#


You could see 2 orc priests.

Vanquished Creatures
  A scorpion (D:2)
  Natasha (thrice) (D:2)
  Ijyb (D:3)
  3 adders
  A worm (D:3)
  2 leopard geckos
  5 orcs (D:3)
  2 ball pythons
  2 giant cockroaches
  3 goblins
  6 hobgoblins
  2 jackals (D:3)
  10 bats
  17 frilled lizards
  6 kobolds
  6 rats
70 creatures vanquished.

Notes
Turn   | Place    | Note
-------+----------+-------------------------------------------
     0 | D:1      | topirishpotato the Gargoyle Fighter began the quest for the
                  | Orb.
     0 | D:1      | Reached XP level 1. HP: 14/14 MP: 1/1
   108 | D:1      | Reached XP level 2. HP: 19/19 MP: 2/2
   725 | D:1      | Reached XP level 3. HP: 22/23 MP: 3/3
  1336 | D:2      | Found a sparkling altar of Nemelex Xobeh.
  1539 | D:2      | Noticed Natasha
  1539 | D:2      | Noticed a scorpion
  1544 | D:2      | Killed Natasha
  1544 | D:2      | Reached XP level 4. HP: 27/29 MP: 4/4
  1545 | D:2      | Reached XP level 5. HP: 31/33 MP: 5/5
  1577 | D:2      | Noticed Natasha
  1584 | D:2      | Killed Natasha
  1750 | D:2      | Noticed Natasha
  1769 | D:2      | Killed Natasha
  2105 | D:3      | Noticed Ijyb
  2113 | D:3      | Paralysed by Ijyb for 3 turns
  2120 | D:3      | Paralysed by Ijyb for 7 turns
  2135 | D:3      | Killed Ijyb
  2139 | D:3      | Reached XP level 6. HP: 18/38 MP: 6/6
  2597 | D:3      | Killed from afar by an orc priest

Vault maps used:
D:1:      dpeg_arrival_rooms_with_view, minmay_lizard_pond
D:2:      old_standard_altar, uniq_natasha
D:3:      hex_tiny, cheibrodos_gnoll_hut, uniq_ijyb

Skill      XL: |  1  2  3  4  5 |
---------------+----------------+-----
Shields        | 4 |  4.5
Maces & Flails | 3 4 |  4.3
Armour         | 4 |  4.3
Fighting       | 4 |  4.0

Action                   |  1- 3 |  4- 6 || total
-------------------------+-------+-------++-------
Melee: Flail             |   212 |   136 ||   348
  Use: Scroll            |     5 |       ||     5
       Potion            |     1 |       ||     1
  Eat: Chunk             |     3 |     2 ||     5
Armor: Scale mail        |   150 |   124 ||   274
Dodge: Dodged            |    94 |    50 ||   144
Block: Shield            |   128 |    75 ||   203

Table legend:
 A = Non-vault XP
 B = Vault XP
 C = Vault XP percentage of total XP
 D = Non-vault monster count
 E = Vault monster count
 F = Vault count percentage of total count
                 A         B        C        D         E       F
            +---------+---------+-------+---------+---------+-------
      Total |     261 |      85 |  24.6 |      57 |      13 |  18.6
            +---------+---------+-------+---------+---------+-------
        D:1 |      32 |      12 |  27.3 |      23 |      11 |  32.4
        D:2 |     164 |      37 |  18.4 |      13 |       1 |   7.1
        D:3 |      65 |      36 |  35.6 |      21 |       1 |   4.5
            +---------+---------+-------+---------+---------+-------
